AoeStats
← Malcolm Little

Pilgrims

507874475Analyzed
4v4 RM · 12d ago on Sep 20, 2026· 30m 22s· 8 players
Game mode
Random Map
Map size
Large (8 player)
Population
200
Speed
Normal
Resources
Standard
Victory
Conquest
Starting age
Dark Age
Ending age
Imperial Age
RankedLock teamsTeams togetherTeam positionsShared explorationLock speedFull tech treeHidden civsTurbo modeCheats
Victory
Defeat
🇦🇷 Spanish · Argentina
1454
+14
🇧🇪 Hindustanis · Belgium
1448
+14
🇨🇱 Lithuanians · Chile
1409
+17
🇨🇳 Persians · China
1402
+16
🇩🇴 Koreans · Dominican Republic
1422
-16
🇲🇽 Vietnamese · Mexico
1421
-16
🇲🇽 Japanese · Mexico
1406
-15
🇺🇸 Romans · United States
1390
-14
OM | SISKO PRO
7:03 Loom
13:17 Feudal Age
13:58 Double-Bit Axe
17:56 Castle Age
15:57 Horse Collar
16:23 Fletching
17:20 Padded Archer Armor
18:46 Bodkin Arrow
19:08 Gold Mining
20:04 Medium Warships
22:09 Bow Saw
25:14 Ballistics
Dusk_
4:10 Loom
5:56 Loom
12:24 Feudal Age
13:22 Double-Bit Axe
14:57 Fletching
18:01 Castle Age
18:00 Stone Mining
18:07 Fishing Lines
18:41 Gold Mining
18:57 Bodkin Arrow
27:05 Bloodlines
OM | Romeo D. Sins
6:29 Loom
11:16 Feudal Age
12:00 Double-Bit Axe
15:45 Fletching
16:48 Padded Archer Armor
19:12 Castle Age
20:13 Medium Warships
19:59 Bodkin Arrow
24:02 Bow Saw
26:48 Leather Archer Armor
Malcolm Little
11:58 Loom
16:58 Feudal Age
21:19 Fishing Lines
22:36 Wheelbarrow
26:09 Double-Bit Axe
Les Choristes
10:36 Feudal Age
9:06 Loom
13:30 Padded Archer Armor
13:26 Fletching
14:32 Padded Archer Armor
17:06 Gold Mining
19:39 Horse Collar
28:53 Double-Bit Axe
WalterWhite
9:15 Loom
11:19 Feudal Age
15:42 Fletching
16:28 Double-Bit Axe
16:37 Stone Mining
20:46 Castle Age
21:25 Padded Archer Armor
27:31 Leather Archer Armor
28:56 Bow Saw
28:27 Horse Collar
ovejaelectrica
9:31 Loom
11:20 Feudal Age
12:32 Double-Bit Axe
13:26 Fletching
18:31 Castle Age
19:41 Medium Warships
19:28 Bodkin Arrow
19:40 Scale Barding Armor
23:41 Gold Mining
24:40 Chain Barding Armor
25:34 Forging
Griffin
8:03 Loom
12:00 Feudal Age
13:25 Double-Bit Axe
16:14 Castle Age
14:52 Fishing Lines
15:39 Gold Mining
15:40 Stone Mining
16:41 Fletching
17:31 Medium Warships
17:33 Bodkin Arrow
22:10 Gillnets
25:29 Ballistics
25:22 Careening
25:42 Clinker Construction
26:46 Wheelbarrow
27:02 Town Watch
27:38 Scale Mail Armor
28:44 Bow Saw
30:03 Forging
30:09 Chain Mail Armor
30:11 Hand Cart
Connection lost

Rejoining the realm…

Still unreachable

The connection could not be restored.

Session expired

The server has moved on; the page needs a fresh start.